 Dungeon Crawl Stone Soup version 0.31.0 (webtiles) character file.

Game seed: 10574489997039899996

95 Daunt the Chopper (level 4, -4/36 (42) HPs)
             Began as a Hill Orc Reaver on Jan 20, 2024.
             Slain by Grinder (5 damage)
             ... on level 3 of the Dungeon.
             The game lasted 00:04:51 (1958 turns).

Daunt the Chopper (Hill Orc Reaver)                 Turns: 1958, Time: 00:04:53

HP:   -4/36 (42)    AC:  4    Str: 16    XL:     4   Next: 66%
MP:   1/6           EV: 11    Int: 13    God:
Gold: 120           SH:  0    Dex:  9    Spells: 3/6 levels left

rFire   . . .        a - +0 hand axe
rCold   . . .        (no shield)
rNeg    . . .        d - +0 leather armour
rPois   .            (no helmet)
rElec   .            (no cloak)
rCorr   .            g - +0 pair of gloves
SInv    .            (no boots)
Will    .....        (no amulet)
Stlth   +            (no ring)
HPRegen 0.26/turn    (no ring)
MPRegen 0.10/turn

%: no passive effects
@: immotile, heavily drained
A: no striking features
a: no special abilities


You were on level 3 of the Dungeon.
You visited 1 branch of the dungeon, and saw 3 of its levels.

You collected 120 gold pieces.

Inventory:

Hand Weapons
 a - a +0 hand axe (weapon)
 b - a +0 sling
Missiles
 i - 14 stones
Armour
 d - a +0 leather armour (worn)
 g - a +0 pair of gloves (worn)
 r - a +0 ring mail
Scrolls
 c - a scroll of revelation {unknown}
 e - a scroll of noise {unknown}
 f - a scroll of vulnerability {unknown}
 j - a scroll of identify {unknown}
 k - 3 scrolls of fog {unknown}
 l - 2 scrolls of brand weapon {unknown}
 m - a scroll of torment {unknown}
 p - 2 scrolls of blinking {unknown}
 q - 2 scrolls of teleportation {unknown}
Potions
 h - 2 potions of enlightenment {unknown}
 n - a potion of heal wounds {unknown}
 o - a potion of brilliance {unknown}
 s - a potion of cancellation {unknown}


   Skills:
 + Level 5.0 Fighting
 - Level 5.0 Axes
 - Level 1.5 Dodging
 - Level 1.5 Spellcasting
 - Level 3.0 Conjurations


You had 3 spell levels left.
You knew the following spells:

 Your Spells              Type           Power      Damage    Failure   Level
a - Kiss of Death         Conj/Necr      16%        2d6       19%         1
b - Momentum Strike       Conj/Tloc      8%         3d8       26%         2

Your spell library contained the following spells:

 Spells                   Type           Power      Damage    Failure   Level
 Ensorcelled Hibernation  Hex/Ice        2%         N/A       45%         2
 Hailstorm                Conj/Ice       4%         3d5       47%         3
 Call Canine Familiar     Summ           1%         N/A       69%         3
 Fugue of the Fallen      Necr           1%         N/A       69%         3
 Sigil of Binding         Hex            1%         N/A       69%         3
 Anguish                  Hex/Necr       0%         N/A       97%         4
 Dimensional Bullseye     Hex/Tloc       0%         N/A       97%         4


Dungeon Overview and Level Annotations

Branches:
Dungeon (3/15)

Altars:
Kikubaaqudgha
Zin

Annotations:
D:3 Grinder


Message History

Grinder is heavily wounded.
The withered plant crumbles away.
Grinder hits you.
You writhe in agony.
Unknown command.
You closely miss Grinder.
Grinder is heavily wounded.
Grinder closely misses you.
You hit Grinder.
Grinder is heavily wounded.
Grinder gestures at you. Pain shoots through your body!
Unknown command.
Unknown command.
Casting: Momentum Strike (dangerous; 26% risk of failure)
Confirm with . or Enter, or press ? or * to list all spells.
Aiming: Momentum Strike (dangerous; 26% risk of failure)
Press: ? - help, Dir - move target, f/p - Grinder
Aim: Grinder (heavily wounded, 64% to hit)
The concentrated momentum misses Grinder.
Grinder gestures at you.
You suddenly lose the ability to move!
Grinder hits you.
* * * LOW HITPOINT WARNING * * *
You writhe in agony.
* * * LOW HITPOINT WARNING * * *
You can move again.
Casting: Momentum Strike (dangerous; 26% risk of failure)
Confirm with . or Enter, or press ? or * to list all spells.
Aiming: Momentum Strike (dangerous; 26% risk of failure)
Press: ? - help, Dir - move target, f/p - Grinder
Aim: Grinder (heavily wounded, 64% to hit)
The concentrated momentum hits Grinder!
Grinder is almost dead.
You are unable to move.
Grinder hits you but does no damage.
You barely miss Grinder.
Grinder is almost dead.
Grinder hits you.
* * * LOW HITPOINT WARNING * * *
You writhe in agony.
You die...
Grinder says, "Now the real fun starts!"

###### .......#
.......# #########
.......###..P....####
.............P..@'..+
......)#.P......5####
.......#....#....#
.......#P..###...##
...............P..#
##....†..†........#
#...#..##.._..##.#
##...#..#.......#P#
.....#..#########.#


You could see Grinder.

Vanquished Creatures
  A bombardier beetle (D:2)
  2 adders
  A dart slug (D:2)
  An orc (D:3)
  5 ball pythons
  2 bats (D:1)
  8 endoplasms
  2 giant cockroaches (D:1)
  4 goblins
  3 hobgoblins
  7 frilled lizards
  A kobold (D:2)
  3 rats
40 creatures vanquished.

Notes
Turn   | Place    | Note
-------+----------+-------------------------------------------
     0 | D:1      | Daunt the Hill Orc Reaver began the quest for the Orb.
     0 | D:1      | Reached XP level 1. HP: 18/18 MP: 3/3
   261 | D:1      | Reached XP level 2. HP: 21/25 MP: 4/4
   447 | D:1      | Reached skill level 5 in Axes
  1079 | D:2      | Reached XP level 3. HP: 31/31 MP: 5/5
  1145 | D:2      | Learned a level 2 spell: Momentum Strike
  1211 | D:2      | Reached XP level 4. HP: 10/34 MP: 3/6
  1446 | D:2      | Found a glowing silver altar of Zin.
  1920 | D:3      | Reached skill level 5 in Fighting
  1920 | D:3      | Found an ancient bone altar of Kikubaaqudgha.
  1943 | D:3      | Noticed Grinder
  1944 | D:3      | Paralysed by Grinder for 4 turns
  1955 | D:3      | Paralysed by Grinder for 2 turns
  1958 | D:3      | HP: 1/36 [Grinder (5)]
  1958 | D:3      | Slain by Grinder

Illustrated notes

Levels and vault maps discovered:
D:1:      nagdon_arrival_zigzag_paths, layout_loops_corners,
          minmay_small_reverse_x
D:2:      layout_loops_ring, basic_altar, minmay_tiny_reverse_x
D:3:      layout_basic, kiku_gazebo_garden_becter,
          nicolae_overflow_macrodata_refinement, nrook_mini_backslash,
          minmay_liquid_box, ebering_dispersal_statue_hall, uniq_grinder,
          uniq_robin, uniq_natasha

Skill      XL: |  1  2  3  4 |
---------------+-------------+-----
Axes           | 5 |  5.0
Fighting       | 3 4 5 |  5.0
Dodging        | |  1.5
Spellcasting   | |  1.5
Conjurations   | |  3.0

Action                     |  1- 3 |  4- 6 || total
---------------------------+-------+-------++-------
  Melee: Hand axe          |    29 |    13 ||    42
   Fire: Sling             |    60 |    36 ||    96
   Cast: Kiss of Death     |     3 |       ||     3
         Momentum Strike   |       |     3 ||     3
 Armour: Leather armour    |    33 |    17 ||    50
  Dodge: Dodged            |    40 |    10 ||    50
